[Event "Titled Tuesday Blitz July 4 Early 2023"]
[White "Alice, Mateus Felizardo Viageiro"]
[Black "Suduvasachmatai"]
[WhiteFideId "14800047"]
[WhiteElo "2236"]
[BlackElo "2095"]
[Result "0-1"]
[Round "10"]
[TimeControl "180+2"]
[Date "2023.07.04"]
[WhiteClock "0:00:00"]
[BlackClock "0:01:09"]
[Board "158"]

1. d4 d5 2. Nf3 Nf6 3. e3 e6 4. c4 c5 5. Nc3 Nc6 6. cxd5 exd5 7. Bb5 Bg4 8. Qa4 Bxf3 9. Bxc6+ bxc6 10. Qxc6+ Nd7 11. gxf3 cxd4 12. Nxd5 Rc8 13. Qa4 Qg5 14. Ke2 Qxd5 15. Rd1 Qf5 16. Rxd4 Rc2+ 17. Bd2 Rxb2 18. Rc1 Rb8 19. Rc7 Rd8 20. Re4+ Be7 21. Bb4 O-O 22. Bxe7 Nb6 0-1


[Site "https://www.chess.com"]

[Event "Titled Tuesday Blitz July 4 Early 2023"]
[White "laimis61"]
[Black "Goughfather"]
[WhiteElo "2233"]
[BlackElo "2041"]
[Result "1-0"]
[Round "10"]
[TimeControl "180+2"]
[Date "2023.07.04"]
[WhiteClock "0:00:59"]
[BlackClock "0:00:00"]
[Board "159"]

1. e4 c6 2. d4 d5 3. exd5 cxd5 4. Bd3 Nf6 5. h3 g6 6. Nf3 Bf5 7. Be2 Qc7 8. c3 Bg7 9. O-O O-O 10. Be3 Nc6 11. Nbd2 Rab8 12. Re1 b5 13. a3 a5 14. Nb3 b4 15. cxb4 axb4 16. a4 Na5 17. Rc1 Qa7 18. Ne5 Rbc8 19. Nxa5 Qxa5 20. Nc6 Qc7 21. Nxb4 Qb7 22. Bd2 Ne4 23. Rxc8 Qxc8 24. Nxd5 Qd7 25. Bc4 Bxd4 26. Be3 Bxb2 27. Bh6 Re8 28. Rxe4 Qc6 29. Rxe7 1-0


[Site "https://www.chess.com"]

[Event "Titled Tuesday Blitz July 4 Early 2023"]
[White "Torres Dominguez, David"]
[Black "Vargas, Mauricio"]
[WhiteFideId "2220857"]
[BlackFideId "4404572"]
[WhiteElo "2136"]
[BlackElo "1887"]
[Result "1-0"]
[Round "10"]
[TimeControl "180+2"]
[Date "2023.07.04"]
[WhiteClock "0:01:31"]
[BlackClock "0:00:00"]
[Board "160"]

1. e4 c6 2. Nf3 d5 3. d3 g6 4. e5 Bg7 5. d4 Nd7 6. Bd3 c5 7. c3 cxd4 8. cxd4 a6 9. O-O b5 10. Nc3 Nb6 11. Re1 Nc4 12. b3 Nb6 13. h3 e6 14. Bg5 Qd7 15. Qe2 Ne7 16. Nxb5 O-O 17. Nd6 h6 18. Bd2 Nf5 19. g4 Nxd6 20. exd6 Qxd6 21. a3 Nd7 22. Bb4 Qf4 23. Bxf8 Nxf8 24. Qe3 Qf6 25. Rac1 Rb8 26. b4 Nh7 27. Qe5 Ra8 28. Qxf6 Nxf6 29. Rc7 Ne8 30. Rc3 Nd6 31. Rec1 Nb5 32. Bxb5 axb5 33. Rxc8+ Rxc8 34. Rxc8+ Kh7 35. Rc7 Kg8 36. Rb7 h5 37. gxh5 gxh5 38. Rxb5 Kh7 39. Rb7 Kg6 40. a4 1-0


[Site "https://www.chess.com"]

[Event "Titled Tuesday Blitz July 4 Early 2023"]
[White "Jaivardhan Raj"]
[Black "campochess"]
[WhiteFideId "25744437"]
[WhiteElo "2083"]
[BlackElo "2125"]
[Result "0-1"]
[Round "10"]
[TimeControl "180+2"]
[Date "2023.07.04"]
[WhiteClock "0:00:31"]
[BlackClock "0:01:32"]
[Board "161"]

1. g3 d5 2. Bg2 c6 3. b3 Nd7 4. Bb2 e5 5. d3 Bd6 6. Nd2 Ne7 7. e3 O-O 8. Ne2 f5 9. O-O Nf6 10. f4 e4 11. dxe4 fxe4 12. c4 Ng4 13. Bd4 c5 14. h3 cxd4 15. hxg4 dxe3 16. Nb1 Bxg4 17. cxd5 Qb6 18. Bxe4 Nf5 19. Bxf5 Rxf5 20. Nbc3 Rd8 21. Qd3 Rh5 22. Ne4 Be7 23. N4c3 Qh6 0-1


[Site "https://www.chess.com"]

[Event "Titled Tuesday Blitz July 4 Early 2023"]
[White "Gavarrete, Nahun"]
[Black "Semenova, Alina"]
[WhiteFideId "8400709"]
[BlackFideId "24113875"]
[WhiteElo "2357"]
[BlackElo "2048"]
[Result "0-1"]
[Round "10"]
[TimeControl "180+2"]
[Date "2023.07.04"]
[WhiteClock "0:00:06"]
[BlackClock "0:00:04"]
[Board "162"]

1. d4 Nf6 2. c4 d6 3. Nc3 g6 4. e4 Bg7 5. f4 O-O 6. Nf3 c6 7. Bd3 a6 8. a4 Nbd7 9. e5 dxe5 10. fxe5 Ne8 11. Ng5 Qb6 12. c5 Qb4 13. Be3 Qxb2 14. Rc1 Qxg2 15. Be4 Qb2 16. O-O h6 17. Nxf7 Rxf7 18. Rc2 Rxf1+ 19. Qxf1 Qb4 20. Bxg6 Nef6 21. exf6 Nxf6 22. Rg2 Kh8 23. Bxh6 Bxh6 24. Ne4 Qxd4+ 25. Kh1 Be6 26. Qf3 Qa1+ 27. Rg1 Qe5 28. Qh3 Bxh3 0-1


[Site "https://www.chess.com"]

[Event "Titled Tuesday Blitz July 4 Early 2023"]
[White "Horokoskii"]
[Black "Selkirk, Rebecca"]
[BlackFideId "14306514"]
[WhiteElo "2064"]
[BlackElo "1974"]
[Result "1/2-1/2"]
[Round "10"]
[TimeControl "180+2"]
[Date "2023.07.04"]
[WhiteClock "0:00:05"]
[BlackClock "0:00:27"]
[Board "164"]

1. d4 d5 2. c4 c6 3. Nc3 Nf6 4. Nf3 e6 5. Bg5 h6 6. Bh4 g5 7. Bg3 Bg7 8. e3 Nbd7 9. Rc1 Qa5 10. cxd5 exd5 11. Bd3 O-O 12. O-O Re8 13. a3 Nf8 14. Ne5 Qb6 15. b4 a5 16. Na4 Qd8 17. b5 cxb5 18. Bxb5 Bd7 19. Nxd7 N8xd7 20. Bc7 Qe7 21. Nc5 Rec8 22. Nxb7 Ne8 23. Bxa5 Rxc1 24. Qxc1 Ndf6 25. Qc5 Qxb7 26. Bc6 Rxa5 27. Bxb7 Rxc5 28. dxc5 Ne4 29. c6 Nc7 30. a4 Bc3 31. Rb1 Kf8 32. Bc8 Ke7 33. Rb7 Kd6 34. Bd7 Nc5 35. Ra7 Nxd7 36. cxd7 Kxd7 37. a5 Kc6 38. a6 Be5 39. Rb7 Nxa6 40. Rxf7 h5 41. Rh7 h4 42. g3 hxg3 43. hxg3 Nc5 44. Kg2 Ne6 45. Rh6 Kd6 46. f4 gxf4 47. gxf4 Bg7 48. Rg6 d4 49. exd4 Ke7 50. Kg3 Bxd4 51. Rh6 Be3 52. f5 Bxh6 53. fxe6 Kxe6 1/2-1/2


[Site "https://www.chess.com"]

[Event "Titled Tuesday Blitz July 4 Early 2023"]
[White "Cramling Bellon, Anna"]
[Black "Rodriguez Fontecha, Marcos"]
[WhiteFideId "32009232"]
[BlackFideId "2256576"]
[WhiteElo "2056"]
[BlackElo "2515"]
[Result "0-1"]
[Round "10"]
[TimeControl "180+2"]
[Date "2023.07.04"]
[WhiteClock "0:00:00"]
[BlackClock "0:01:00"]
[Board "165"]

1. d4 d5 2. c4 Nc6 3. Nf3 e5 4. dxe5 Bb4+ 5. Bd2 dxc4 6. Bxb4 Qxd1+ 7. Kxd1 Nxb4 8. e3 Be6 9. Na3 O-O-O+ 10. Kc1 Nd3+ 11. Bxd3 cxd3 12. Kd2 Ne7 13. Nd4 c5 14. Rhc1 b6 15. b4 Rd5 16. Nab5 Kd7 17. bxc5 bxc5 18. Nxe6 fxe6 19. f4 Rb8 20. e4 Rxb5 21. exd5 Nxd5 22. g3 Rb2+ 23. Kxd3 Rxh2 24. Rxc5 Rh3 25. Rg1 Nxf4+ 26. Ke4 Ne2 27. Rd1+ Ke8 28. Rc8+ Kf7 29. Rd7+ Kg6 30. Rcc7 Nxg3+ 31. Kf4 Nh5+ 32. Kg4 Rg3+ 33. Kh4 Rg1 34. Rxa7 Kh6 35. Ra6 g5+ 36. Kh3 Nf4+ 37. Kh2 Rg2+ 38. Kh1 Re2 39. Raa7 Kh5 40. Rxh7+ Kg4 41. Kg1 Re1+ 42. Kf2 Nd3+ 43. Kg2 Re2+ 44. Kf1 Re1+ 45. Kg2 Nxe5 46. Ra4+ Kf5 47. Rf7+ Nxf7 48. Ra5+ Ne5 49. Kf2 Rb1 50. a4 Rb2+ 51. Ke3 Rb3+ 52. Kd4 Rb4+ 53. Kc5 Nd3+ 54. Kd6+ e5 55. Ra8 Ke4 56. Rf8 Rxa4 57. Ke6 Rd4 0-1


[Site "https://www.chess.com"]

[Event "Titled Tuesday Blitz July 4 Early 2023"]
[White "Lohani, Sujana"]
[Black "Phillips, Rene"]
[WhiteFideId "12311987"]
[BlackFideId "2056275"]
[WhiteElo "1917"]
[BlackElo "2029"]
[Result "1-0"]
[Round "10"]
[TimeControl "180+2"]
[Date "2023.07.04"]
[WhiteClock "0:01:07"]
[BlackClock "0:01:39"]
[Board "166"]

1. d4 Nc6 2. Nf3 Nf6 3. d5 Nb4 4. c4 c5 5. a3 Na6 6. Nc3 d6 7. e4 g6 8. h3 Bg7 9. Be2 O-O 10. O-O Bd7 11. e5 Ne8 12. Bf4 dxe5 13. Nxe5 Bf5 14. Bg4 Nd6 15. Re1 h5 16. Bxf5 Nxf5 17. Qd2 Nd4 18. Rad1 Nc7 19. Bh6 a6 20. Qg5 Kh7 21. Bxg7 Kxg7 22. Nd3 Qd6 23. Qxe7 Rae8 24. Qxd6 1-0


[Site "https://www.chess.com"]

[Event "Titled Tuesday Blitz July 4 Early 2023"]
[White "Vokhidov, Shamsiddin"]
[Black "Xiong, Jeffery"]
[WhiteFideId "14204223"]
[BlackFideId "2047640"]
[WhiteElo "2938"]
[BlackElo "2942"]
[Result "1/2-1/2"]
[Round "11"]
[TimeControl "180+2"]
[Date "2023.07.04"]
[WhiteClock "0:00:38"]
[BlackClock "0:01:44"]
[Board "2"]

1. e4 e6 2. d4 d5 3. Nc3 Nf6 4. Bg5 dxe4 5. Nxe4 Be7 6. Nxf6+ Bxf6 7. Bxf6 Qxf6 8. Nf3 O-O 9. Qd3 Nc6 10. Qe4 Qg6 11. Qxg6 hxg6 12. O-O-O b6 13. Bd3 Bb7 14. Be4 Rad8 15. Rhe1 Na5 16. Bxb7 Nxb7 17. Ne5 Rd6 18. c3 Rfd8 19. Kc2 g5 20. Rd3 Na5 21. b4 Nc6 22. Nxc6 Rxc6 23. Kb3 f6 24. a4 e5 25. d5 Rcd6 26. c4 c6 27. Red1 Kf7 28. Kc3 cxd5 29. cxd5 g4 30. Kc4 a6 31. Kb3 f5 32. b5 axb5 33. axb5 e4 34. Rd4 Kf6 35. Rc4 Rxd5 36. Rxd5 Rxd5 37. Rc6+ Ke7 38. Rxb6 Rd2 39. Rb7+ Kd6 40. b6 Kc6 41. Rf7 Kxb6 42. Rxf5 e3 43. fxe3 Rxg2 44. Rg5 Rxh2 45. Kc4 Kc6 46. Rxg4 Rd2 47. Rxg7 Kd6 48. Rg5 Ke6 49. Rg4 Ke5 50. Rd4 Rxd4+ 51. exd4+ Kd6 52. d5 Kd7 53. Kc5 Kc7 54. d6+ Kd7 55. Kd5 Kd8 56. Ke6 Ke8 57. Ke5 Kd7 58. Kd5 Kd8 59. Kc6 Kc8 60. d7+ Kd8 61. Kd6 1/2-1/2


[Site "https://www.chess.com"]

[Event "Titled Tuesday Blitz July 4 Early 2023"]
[White "Nihal Sarin"]
[Black "Terry, Renato"]
[WhiteFideId "25092340"]
[BlackFideId "3803457"]
[WhiteElo "3122"]
[BlackElo "2993"]
[Result "1-0"]
[Round "11"]
[TimeControl "180+2"]
[Date "2023.07.04"]
[WhiteClock "0:00:10"]
[BlackClock "0:00:00"]
[Board "3"]

1. e4 c6 2. d4 d5 3. e5 c5 4. Nf3 cxd4 5. Qxd4 Nc6 6. Qf4 e6 7. Nc3 Nb4 8. Bd3 Nxd3+ 9. cxd3 Ne7 10. h4 h6 11. h5 Nc6 12. Be3 Qa5 13. O-O Qb4 14. Nd4 Nxd4 15. Bxd4 Be7 16. Ne2 O-O 17. Qg3 Bd7 18. a3 Qb5 19. f4 Bc5 20. b4 Bb6 21. Kh2 Bxd4 22. Nxd4 Qb6 23. f5 exf5 24. Nxf5 Bxf5 25. Rxf5 Rae8 26. Raf1 Qc7 27. d4 Re7 28. R1f4 Kh8 29. Qf3 Qd7 30. g4 b6 31. g5 hxg5 32. Rxg5 Qe6 33. h6 gxh6 34. Rh5 f5 35. Rfxf5 Rxf5 36. Rxf5 Qg6 37. Rf6 Qg5 38. Qf4 Qxf4+ 39. Rxf4 Rc7 40. Rf8+ Kg7 41. Rd8 Kg6 42. Rxd5 Kf5 43. Rd6 Rc2+ 44. Kg3 Rc3+ 45. Kf2 Rxa3 46. e6 Kf6 47. d5 Rd3 48. Rd7 a5 49. bxa5 bxa5 50. e7 Kf7 51. d6 Rd5 52. Rd8 Re5 53. Rf8+ Kg7 54. e8=Q 1-0


[Site "https://www.chess.com"]

[Event "Titled Tuesday Blitz July 4 Early 2023"]
[White "Svane, Rasmus"]
[Black "Sarana, Alexey"]
[WhiteFideId "4657101"]
[BlackFideId "24133795"]
[WhiteElo "2938"]
[BlackElo "3055"]
[Result "1-0"]
[Round "11"]
[TimeControl "180+2"]
[Date "2023.07.04"]
[WhiteClock "0:01:22"]
[BlackClock "0:01:22"]
[Board "4"]

1. Nf3 d5 2. g3 g6 3. Bg2 Bg7 4. d4 Nf6 5. c4 Nc6 6. cxd5 Nxd5 7. O-O Nb6 8. e3 O-O 9. Nc3 e5 10. d5 Ne7 11. e4 Bd7 12. a4 a5 13. Qb3 c6 14. Be3 Nec8 15. Rfd1 cxd5 16. Nxd5 Nxd5 17. Qxd5 Nb6 18. Bxb6 Qxb6 19. Qxd7 Qxb2 20. Rab1 Qc2 21. Rxb7 Rad8 22. Qxd8 Rxd8 23. Rxd8+ Bf8 24. Rbb8 Kg7 25. Rxf8 Qd1+ 26. Bf1 Qxf3 27. Bc4 Qxe4 28. Rxf7+ Kh6 29. Bf1 Qxa4 30. Rbb7 Qc6 31. Rxh7+ Kg5 32. Ra7 Qb6 33. Ra6 Qc5 34. Rha7 1-0


[Site "https://www.chess.com"]

[Event "Titled Tuesday Blitz July 4 Early 2023"]
[White "Mamedov, Rauf"]
[Black "Chigaev, Maksim"]
[WhiteFideId "13401653"]
[BlackFideId "4108116"]
[WhiteElo "3040"]
[BlackElo "2948"]
[Result "1-0"]
[Round "11"]
[TimeControl "180+2"]
[Date "2023.07.04"]
[WhiteClock "0:00:59"]
[BlackClock "0:00:03"]
[Board "5"]

1. e4 e6 2. d4 d5 3. Nd2 c5 4. Ngf3 Nf6 5. e5 Nfd7 6. c3 Nc6 7. Bd3 Be7 8. O-O h5 9. Re1 g5 10. dxc5 g4 11. Nd4 Ndxe5 12. Bb5 Bd7 13. N2b3 Ng6 14. Nxc6 Bxc6 15. Bd3 Qd7 16. Bxg6 fxg6 17. Nd4 O-O-O 18. b4 e5 19. Rxe5 Bf6 20. Re1 Rhe8 21. Be3 Re4 22. a4 Bxd4 23. cxd4 Qf5 24. b5 Bd7 25. c6 bxc6 26. bxc6 Bxc6 27. Qd3 Rd6 28. Qa6+ Kd7 29. Qxa7+ Ke6 30. a5 h4 31. Qh7 h3 32. a6 hxg2 33. a7 1-0


[Site "https://www.chess.com"]

[Event "Titled Tuesday Blitz July 4 Early 2023"]
[White "Pranav, V"]
[Black "Nguyen, Ngoc Truong Son"]
[WhiteFideId "25060783"]
[BlackFideId "12401110"]
[WhiteElo "3011"]
[BlackElo "2919"]
[Result "0-1"]
[Round "11"]
[TimeControl "180+2"]
[Date "2023.07.04"]
[WhiteClock "0:00:00"]
[BlackClock "0:00:05"]
[Board "6"]

1. e4 d6 2. d4 g6 3. Nc3 Bg7 4. Bg5 c6 5. f4 Qb6 6. Nge2 Bg4 7. Rb1 Nd7 8. Qd3 Bxe2 9. Nxe2 e5 10. c3 h6 11. Bh4 exf4 12. Nxf4 g5 13. Nh5 Bxd4 14. Bg3 Be5 15. Bxe5 dxe5 16. Qd6 Qc5 17. Ng7+ Kd8 18. Qd3 Kc7 19. Be2 Rd8 20. b4 Qf8 21. Nf5 Nb6 22. Qe3 Ne7 23. O-O Nxf5 24. Rxf5 Qe7 25. Rbf1 Rhf8 26. h4 f6 27. hxg5 hxg5 28. Qf3 Rd6 29. Qe3 Rfd8 30. Qf3 Nd7 31. Bc4 a6 32. Bb3 Rh8 33. Qe3 Qh7 34. R5f3 Qh2+ 35. Kf2 Qh4+ 36. Kg1 g4 37. Rg3 Qh2+ 38. Kf2 Rh3 39. Rxh3 gxh3 40. Qxh3 Qf4+ 41. Qf3 Qxf3+ 42. Kxf3 Rd3+ 43. Kg4 Rxc3 44. Be6 Re3 45. Kf5 Re2 46. g4 Nf8 47. Bb3 Nh7 48. Bc4 Rc2 49. Bg8 Ng5 50. Kxf6 Nxe4+ 51. Kxe5 Nd6 52. Bb3 Re2+ 53. Kf4 Re4+ 54. Kg5 Rxb4 55. Rh1 a5 56. Rh7+ Kb6 57. Bc2 Kc5 58. Kh5 Rb2 59. Bb3 b5 60. Rd7 a4 61. Bg8 Rh2+ 62. Kg6 Rg2 63. Kh5 b4 64. Re7 b3 0-1


[Site "https://www.chess.com"]

[Event "Titled Tuesday Blitz July 4 Early 2023"]
[White "Khismatullin, Denis"]
[Black "Pap, Gyula"]
[WhiteFideId "4142578"]
[BlackFideId "725323"]
[WhiteElo "3005"]
[BlackElo "2870"]
[Result "1-0"]
[Round "11"]
[TimeControl "180+2"]
[Date "2023.07.04"]
[WhiteClock "0:00:05"]
[BlackClock "0:00:00"]
[Board "7"]

1. Nf3 d5 2. g3 Nd7 3. d4 Ngf6 4. Bg2 e6 5. O-O Be7 6. b3 O-O 7. c4 dxc4 8. bxc4 c5 9. d5 Nb6 10. Nc3 exd5 11. cxd5 Nfxd5 12. Nxd5 Nxd5 13. Bb2 Be6 14. a3 Bf6 15. Ne5 Rb8 16. Qc2 Qc7 17. Qe4 Nb6 18. Rac1 Bd5 19. Qf5 Bxg2 20. Kxg2 Rfe8 21. f4 Na4 22. Ba1 b5 23. Rfd1 Rbd8 24. e4 c4 25. g4 c3 26. Nd7 Qc6 27. Kf3 a5 28. Rd5 b4 29. g5 Be7 30. Qxf7+ Kxf7 31. Ne5+ Kf8 32. Nxc6 Rxd5 33. exd5 Bc5 34. Ne5 Rd8 35. Ke4 Bd6 36. Kd4 Nc5 37. Kc4 Rb8 38. Nc6 Rb7 39. axb4 axb4 40. f5 Nd7 41. Rb1 Nb6+ 42. Kb3 Nxd5 43. Na5 Rb5 44. Nc4 Be7 45. h4 Rc5 46. Re1 Rc6 47. Ne5 Ra6 48. Nd7+ Ke8 49. Ne5 Ra3+ 50. Kc4 Nb6+ 51. Kb5 Nd5 52. Kc4 Nc7 53. Nc6 Kd7 54. Nxe7 Ra2 55. f6 gxf6 56. gxf6 Ne8 57. Nd5 Nd6+ 58. Kxb4 c2 59. Kb3 Ra6 60. Kxc2 Rc6+ 61. Kd3 Ra6 62. Re7+ Kc6 63. Nb4+ 1-0


[Site "https://www.chess.com"]

[Event "Titled Tuesday Blitz July 4 Early 2023"]
[White "Nakamura, Hikaru"]
[Black "Demidov, Mikhail"]
[WhiteFideId "2016192"]
[BlackFideId "4197143"]
[WhiteElo "3144"]
[BlackElo "2899"]
[Result "1-0"]
[Round "11"]
[TimeControl "180+2"]
[Date "2023.07.04"]
[WhiteClock "0:00:08"]
[BlackClock "0:00:01"]
[Board "8"]

1. Nf3 g6 2. b3 Bg7 3. d4 c5 4. Bb2 cxd4 5. Bxd4 Nf6 6. e3 Nc6 7. Bb2 O-O 8. Be2 d5 9. O-O Qc7 10. Nbd2 Rd8 11. c4 dxc4 12. Bxc4 Na5 13. Be2 Nc6 14. Rc1 Qa5 15. a3 Ne4 16. b4 Qf5 17. Bxg7 Kxg7 18. Rc2 a6 19. Qa1+ Nf6 20. Rc5 Qd7 21. Nc4 Qe8 22. Nb6 Rb8 23. h3 Kg8 24. Rcc1 Nd5 25. Nxd5 Rxd5 26. Bc4 Rd6 27. Ng5 Nd8 28. Ne4 Rc6 29. Qe5 Ra8 30. b5 Rb6 31. a4 axb5 32. Bxb5 Bd7 33. Bxd7 Qxd7 34. Rc7 Re6 35. Qc3 Qd5 36. Nc5 Rc6 37. Rxc6 Qxc6 38. Qb4 b6 39. Nd3 Qd6 40. Qxd6 exd6 41. Rb1 Rxa4 42. Rxb6 Ne6 43. Rxd6 Ra2 44. Ne5 Ra5 45. Nf3 Kg7 46. Rd7 h6 47. Kh2 Rc5 48. Kg3 Rc7 49. Rxc7 Nxc7 50. Nd2 Ne6 51. Kf3 Nc5 52. e4 Kf6 53. Ke3 Ne6 54. g3 h5 55. f4 Nc5 56. Kd4 Ne6+ 57. Ke3 Nc5 58. Nf3 Nb3 59. e5+ Ke7 60. Nd4 Nc5 61. Kf3 Nd3 62. Ke2 Nc5 63. Ke3 Na4 64. f5 gxf5 65. Nxf5+ Ke6 66. Kf4 Nc5 67. Ng7+ Kd5 68. Nxh5 Nd3+ 69. Kf5 Nxe5 70. Nf4+ Kd6 71. Kf6 Nf3 72. h4 Nh2 73. h5 Ng4+ 74. Kg5 Ne5 75. h6 Ke7 76. h7 f6+ 77. Kf5 Nf7 78. Ng6+ 1-0


[Site "https://www.chess.com"]

[Event "Titled Tuesday Blitz July 4 Early 2023"]
[White "Galchenko, Matvey"]
[Black "Dubov, Daniil"]
[WhiteFideId "24175480"]
[BlackFideId "24126055"]
[WhiteElo "2887"]
[BlackElo "3074"]
[Result "0-1"]
[Round "11"]
[TimeControl "180+2"]
[Date "2023.07.04"]
[WhiteClock "0:00:02"]
[BlackClock "0:00:06"]
[Board "9"]

1. e4 c5 2. c3 g6 3. d4 cxd4 4. cxd4 d5 5. Nc3 dxe4 6. Bc4 Bg7 7. Qb3 e6 8. Nge2 Ne7 9. Nxe4 Nbc6 10. Bg5 h6 11. Bf6 O-O 12. Bxg7 Kxg7 13. Qd3 e5 14. d5 Nb4 15. Qc3 Nexd5 16. Bxd5 Nxd5 17. Qxe5+ f6 18. Qd4 Re8 19. Rd1 Qa5+ 20. Kf1 Be6 21. Nf4 Rad8 22. Nxe6+ Rxe6 23. Kg1 Ree8 24. h3 Qb6 25. Qxb6 Nxb6 26. Rxd8 Rxd8 27. Kh2 f5 28. Nc5 Rd2 29. Rb1 Rxf2 30. Kg1 Rc2 31. Nxb7 Nc4 32. b3 Ne3 33. g3 Rg2+ 34. Kh1 Rxa2 35. Re1 Nc2 36. Re7+ Kf6 37. Re2 Ra1+ 38. Kh2 Nd4 39. Re3 Ra2+ 40. Kg1 Re2 41. Rd3 Ke5 42. Nc5 Rc2 43. b4 Rc4 44. Re3+ Kd5 45. Re8 Rxb4 46. Nd3 Rb1+ 47. Kf2 Nc6 48. Nf4+ Kc5 49. Nxg6 a5 50. Ra8 Rb8 51. Ra6 Kb5 52. Rxc6 Kxc6 53. Ne5+ Kb5 54. Nd7 Rd8 55. Ne5 a4 0-1


[Site "https://www.chess.com"]

[Event "Titled Tuesday Blitz July 4 Early 2023"]
[White "Harsha Bharathakoti"]
[Black "Lazavik, Denis"]
[WhiteFideId "5078776"]
[BlackFideId "13515110"]
[WhiteElo "2875"]
[BlackElo "3038"]
[Result "0-1"]
[Round "11"]
[TimeControl "180+2"]
[Date "2023.07.04"]
[WhiteClock "0:00:23"]
[BlackClock "0:00:46"]
[Board "10"]

1. Nf3 d5 2. g3 Nf6 3. Bg2 e6 4. O-O Be7 5. c4 O-O 6. b3 d4 7. e3 c5 8. exd4 cxd4 9. Ne5 Qc7 10. Re1 Nfd7 11. Nxd7 Bxd7 12. Bb2 Nc6 13. d3 e5 14. a3 a5 15. Nd2 Rfe8 16. Rc1 b6 17. Ne4 f5 18. Nd2 Rad8 19. Qh5 Bf6 20. Bd5+ Kh8 21. Bf7 Rf8 22. Bg6 h6 23. Nf3 Ne7 24. b4 Bc6 25. Nd2 Bg5 26. Rc2 Nxg6 27. Qxg6 Be8 28. Qe6 Ba4 29. h4 Bf6 30. Rcc1 Bd7 31. Qd5 Bc6 32. Qe6 Rde8 33. Qxf5 Bg5 34. Qxf8+ Rxf8 35. hxg5 Qf7 36. Re2 Qh5 37. Re4 Bxe4 38. Nxe4 Qe2 39. gxh6 Qxb2 0-1


[Site "https://www.chess.com"]

[Event "Titled Tuesday Blitz July 4 Early 2023"]
[White "Deac, Bogdan-Daniel"]
[Black "demon64fields"]
[WhiteFideId "1226380"]
[WhiteElo "3008"]
[BlackElo "2832"]
[Result "0-1"]
[Round "11"]
[TimeControl "180+2"]
[Date "2023.07.04"]
[WhiteClock "0:02:23"]
[BlackClock "0:01:38"]
[Board "11"]

1. b3 Nf6 2. Bb2 d5 3. e3 Bf5 4. c4 e6 5. cxd5 exd5 6. Qf3 Bg6 7. Bxf6 gxf6 8. Ne2 c6 9. Nf4 Nd7 10. h4 Qa5 11. Qd1 Bd6 12. h5 Bxb1 13. Qxb1 Bxf4 14. exf4 O-O-O 15. b4 Rde8+ 16. Kd1 Qb6 17. Qf5 Qxf2 18. Bd3 Qxg2 19. Kc2 Qf2 20. Rhg1 Qd4 21. Rab1 h6 22. a3 Kc7 23. Rbe1 a5 24. Rxe8 Rxe8 25. Rg7 Re7 26. bxa5 Qa4+ 27. Kb2 Qxa5 28. Bc2 Qxd2 29. Rh7 Qd4+ 30. Ka2 Nc5 0-1


[Site "https://www.chess.com"]

[Event "Titled Tuesday Blitz July 4 Early 2023"]
[White "Indjic, Aleksandar"]
[Black "Mekhitarian, Krikor Sevag"]
[WhiteFideId "911925"]
[BlackFideId "2107660"]
[WhiteElo "2964"]
[BlackElo "2805"]
[Result "1-0"]
[Round "11"]
[TimeControl "180+2"]
[Date "2023.07.04"]
[WhiteClock "0:01:39"]
[BlackClock "0:00:04"]
[Board "12"]

1. d4 Nf6 2. Na3 d5 3. c3 Bf5 4. Nf3 c6 5. Nc2 h6 6. h3 e6 7. Ne3 Bh7 8. Ng4 Nbd7 9. Bf4 Ne4 10. e3 Bd6 11. Bd3 Bxf4 12. exf4 Qc7 13. Nge5 O-O 14. g3 Nb6 15. Qe2 f6 16. Ng4 c5 17. O-O Rfe8 18. a4 Nc8 19. Ne3 Ncd6 20. Kg2 Rac8 21. a5 c4 22. Bc2 a6 23. h4 Qf7 24. Nh2 Nb5 25. Nf3 Kh8 26. Rfe1 Re7 27. Nd2 Nxd2 28. Qxd2 Bxc2 29. Qxc2 Nd6 30. Qd1 Rce8 31. Qf3 Qg6 32. Rad1 h5 33. Kh2 Nf5 34. Nxf5 Qxf5 35. Re2 Kh7 36. Rde1 Rf8 37. Re3 Rfe8 38. Qd1 Kg8 39. Kg2 Kh7 40. b3 cxb3 41. Qxb3 Kg8 42. Qb6 Kh7 43. Qc5 Kg8 44. c4 Rd7 45. Rxe6 Rxe6 46. Qc8+ Re8 47. Rxe8+ Kh7 48. Re7 1-0


[Site "https://www.chess.com"]

[Event "Titled Tuesday Blitz July 4 Early 2023"]
[White "Matlakov, Maxim"]
[Black "Harsh Suresh"]
[WhiteFideId "4168003"]
[BlackFideId "45018464"]
[WhiteElo "2941"]
[BlackElo "2800"]
[Result "1-0"]
[Round "11"]
[TimeControl "180+2"]
[Date "2023.07.04"]
[WhiteClock "0:01:57"]
[BlackClock "0:01:07"]
[Board "13"]

1. e4 g6 2. Nc3 Nf6 3. g3 d5 4. exd5 Nxd5 5. Bg2 Nxc3 6. bxc3 Bg7 7. h4 h5 8. Nh3 Bg4 9. Bf3 Bxh3 10. Rxh3 c6 11. Kf1 Nd7 12. d4 Nf6 13. Rb1 Qd7 14. Kg2 Bh6 15. Bxh6 Rxh6 16. c4 Kf8 17. Rh1 Kg7 18. c3 Rhh8 19. Qb3 Rab8 20. Rhe1 Rhd8 21. Qa3 a6 22. Rxe7 Qf5 23. Rbxb7 Rxb7 24. Rxb7 Ng4 25. Qe7 Rf8 26. Qe4 Qc8 27. Qxc6 Qf5 28. Qe4 Qc8 29. c5 Re8 30. Qf4 Nf6 31. c6 Re1 32. c7 Qe6 33. d5 Nxd5 34. Qd4+ Nf6 35. Rb8 Rc1 36. c8=Q Qe1 37. Kh3 Qf1+ 38. Bg2 Qg1 39. c4 Rd1 40. a3 Rxd4 41. Qf8+ Kh7 42. a4 Qxf2 43. Qh8# 1-0


[Site "https://www.chess.com"]

[Event "Titled Tuesday Blitz July 4 Early 2023"]
[White "Aravindh, Chithambaram VR."]
[Black "benny_aizenberg"]
[WhiteFideId "5072786"]
[WhiteElo "2922"]
[BlackElo "2683"]
[Result "1-0"]
[Round "11"]
[TimeControl "180+2"]
[Date "2023.07.04"]
[WhiteClock "0:00:07"]
[BlackClock "0:00:05"]
[Board "14"]

1. b3 e5 2. Bb2 Nc6 3. c4 f5 4. Nf3 e4 5. Nd4 Qf6 6. e3 Bc5 7. Nc3 Nxd4 8. exd4 Qxd4 9. Qe2 Nf6 10. Na4 Qd6 11. Nxc5 Qxc5 12. Bxf6 gxf6 13. Qh5+ Kd8 14. Be2 b6 15. O-O Bb7 16. Kh1 Qe7 17. f3 Rg8 18. Qxf5 Rg5 19. Qf4 f5 20. fxe4 Bxe4 21. Bf3 Bxf3 22. Qxf3 Rb8 23. Rae1 Qf6 24. Re2 d6 25. Qc6 Qf7 26. Rfe1 Rg8 27. d4 Qd7 28. Qd5 Rf8 29. Re6 Qf7 30. Qc6 Qd7 31. Qf3 Qf7 32. c5 bxc5 33. dxc5 Kd7 34. c6+ Kd8 35. Qe3 Rb6 36. Qg5+ Kc8 37. Qxf5 Rxc6 38. Rf6+ 1-0


[Site "https://www.chess.com"]

[Event "Titled Tuesday Blitz July 4 Early 2023"]
[White "So, Wesley"]
[Black "Lin, Dachey"]
[WhiteFideId "5202213"]
[BlackFideId "2029650"]
[WhiteElo "3067"]
[BlackElo "2804"]
[Result "1-0"]
[Round "11"]
[TimeControl "180+2"]
[Date "2023.07.04"]
[WhiteClock "0:00:02"]
[BlackClock "0:00:14"]
[Board "15"]

1. g3 g6 2. Bg2 Bg7 3. Nf3 Nf6 4. c4 O-O 5. O-O c5 6. d4 cxd4 7. Nxd4 Nc6 8. Nc3 Ng4 9. e3 d6 10. b3 Nge5 11. Bb2 Bg4 12. f3 Bd7 13. Nde2 Qb6 14. Nd5 Qd8 15. Kh1 a6 16. f4 Ng4 17. Bxg7 Kxg7 18. h3 Nf6 19. Qd2 Nxd5 20. cxd5 Na7 21. Rac1 Qb6 22. g4 Rac8 23. Rfe1 Rxc1 24. Rxc1 Rc8 25. Rxc8 Bxc8 26. Qc3+ f6 27. a4 Bd7 28. g5 Kf7 29. gxf6 exf6 30. Kg1 Nc8 31. Kf2 Ne7 32. Ng3 Qd8 33. Ne4 Nf5 34. Bf3 Qe7 35. Qb4 b5 36. axb5 Bxb5 37. Bg4 a5 38. Qxb5 Qxe4 39. Qd7+ Kg8 40. Bxf5 gxf5 41. Qxd6 Kg7 42. Qc7+ Kg6 43. d6 Qd3 44. Qxa5 Qxd6 45. Qe1 Qd3 46. b4 Qb3 47. Kf3 Qd5+ 48. Kg3 Qb3 49. Kf3 Qd5+ 50. Ke2 Qb3 51. Qd2 Kh6 52. Qd4 Kg6 53. Qc5 Qb2+ 54. Kd3 Qb1+ 55. Kd4 Qe4+ 56. Kc3 Qb1 57. b5 Qc1+ 58. Kb4 Qb2+ 59. Ka5 Qa2+ 60. Kb6 Qa8 61. Qc7 Qe4 62. Qc5 Qa8 63. Qd6 Qe4 64. Qd4 Qe7 65. Ka6 Qa3+ 66. Kb7 Qe7+ 67. Kc6 Qe6+ 68. Kc5 Qe7+ 69. Kc4 Qb7 70. b6 Qc6+ 71. Kb4 Kh5 72. Qc5 Qe4+ 73. Ka5 Qa8+ 74. Kb5 Qb7 75. Qxf5+ Kh4 76. Qg4# 1-0


[Site "https://www.chess.com"]